[Event "Titled Tuesday Blitz November 01 Early 2022"]
[White "Atabayev, Yusup"]
[Black "Lazavik, Denis"]
[WhiteFideId "14001128"]
[BlackFideId "13515110"]
[WhiteElo "2454"]
[BlackElo "2437"]
[Result "0-1"]
[Round "09"]
[TimeControl "180+1"]
[Date "2022.11.01"]
[WhiteClock "0:00:29"]
[BlackClock "0:01:08"]

1. e4 c5 2. b3 Nc6 3. Bb5 Nd4 4. Bd3 g6 5. c3 Nc6 6. Nf3 Bg7 7. O-O d5 8. exd5 Qxd5 9. Bc4 Qd8 10. h3 Nf6 11. d4 cxd4 12. cxd4 O-O 13. Bb2 b6 14. Na3 Bb7 15. Nc2 Rc8 16. Qd2 Na5 17. Be2 Ne4 18. Qd1 Nc3 19. Bxc3 Rxc3 20. Rc1 Qd6 21. Ne3 Rxc1 22. Qxc1 Rc8 23. Qd2 Bxf3 24. Bxf3 Bxd4 25. Nd5 Be5 26. Rc1 Rxc1+ 27. Qxc1 e6 28. Ne3 h5 29. g3 Bd4 30. Kg2 Kg7 31. Nc2 Bf6 32. Qd1 Qc7 33. h4 Nc6 34. Bxc6 Qxc6+ 35. Kg1 Qe4 36. Ne3 Bd4 37. Nc4 e5 38. Nd6 Qd5 39. Ne8+ Kf8 40. Nf6 Bxf2+ 41. Kxf2 Qxd1 0-1


[Site "https://www.chess.com"]

[Event "Titled Tuesday Blitz November 01 Early 2022"]
[White "Aung Thant Zin"]
[Black "Rosenberg, Evan S"]
[WhiteFideId "13000063"]
[BlackFideId "2019299"]
[WhiteElo "2278"]
[BlackElo "2387"]
[Result "0-1"]
[Round "09"]
[TimeControl "180+1"]
[Date "2022.11.02"]
[WhiteClock "0:00:04"]
[BlackClock "0:00:19"]

1. e4 e5 2. Nf3 Nc6 3. d4 exd4 4. Nxd4 Nf6 5. Nc3 Bb4 6. Nxc6 bxc6 7. Bd3 d5 8. exd5 O-O 9. O-O cxd5 10. Bg5 c6 11. h3 Rb8 12. Qf3 Bd6 13. Rab1 h6 14. Bd2 Re8 15. b3 Be6 16. Ne2 Ne4 17. Bxe4 dxe4 18. Qe3 Qh4 19. Rbd1 Rb5 20. Be1 Bc7 21. c4 Rh5 22. Ng3 Rg5 23. c5 Bxh3 24. gxh3 Qxh3 25. Rd6 Bxd6 26. cxd6 Rd5 27. Qf4 Re6 28. Nxe4 Rg6+ 29. Ng3 Rh5 30. f3 Qh2# 0-1


[Site "https://www.chess.com"]

[Event "Titled Tuesday Blitz November 01 Early 2022"]
[White "Azarov, Sergei"]
[Black "Arabidze, Meri"]
[WhiteFideId "13501470"]
[BlackFideId "13604040"]
[WhiteElo "2494"]
[BlackElo "2403"]
[Result "1-0"]
[Round "09"]
[TimeControl "180+1"]
[Date "2022.11.02"]
[WhiteClock "0:01:17"]
[BlackClock "0:00:11"]

1. e4 c5 2. Nf3 e6 3. d4 cxd4 4. Nxd4 Nc6 5. Nc3 a6 6. Be2 Nf6 7. O-O Qc7 8. Be3 d6 9. f4 Be7 10. Qe1 O-O 11. Qg3 Nxd4 12. Bxd4 b5 13. a3 Bb7 14. Rad1 g6 15. f5 e5 16. Be3 Nxe4 17. Nxe4 Bxe4 18. f6 Bd8 19. Qh4 Qxc2 20. Rd2 Qa4 21. Qh6 Bxf6 22. Rxf6 d5 23. Bg5 Qa5 24. Rc6 f6 25. Bxf6 Rf7 26. Bg4 d4 27. Be6 Bxc6 28. Qg7# 1-0


[Site "https://www.chess.com"]

[Event "Titled Tuesday Blitz November 01 Early 2022"]
[White "Baches Garcia, Guillermo"]
[Black "Manon-og, Ramon Jr."]
[WhiteFideId "2209764"]
[BlackFideId "5200776"]
[WhiteElo "2430"]
[BlackElo "2282"]
[Result "1-0"]
[Round "09"]
[TimeControl "180+1"]
[Date "2022.11.02"]
[WhiteClock "0:00:14"]
[BlackClock "0:00:21"]

1. e4 c5 2. Nf3 d6 3. d4 cxd4 4. Nxd4 Nf6 5. Nc3 a6 6. Be3 e5 7. Nb3 Be7 8. f3 Be6 9. Qd2 h5 10. Be2 Nc6 11. Nd5 Bxd5 12. exd5 Nb8 13. O-O Nbd7 14. Na5 Qc7 15. c4 O-O 16. b4 Bd8 17. Rac1 Qc8 18. Nb3 Bb6 19. c5 dxc5 20. bxc5 Ba7 21. c6 Bxe3+ 22. Qxe3 bxc6 23. dxc6 Nb8 24. Qb6 h4 25. Rfd1 h3 26. Qb7 Qxb7 27. cxb7 Ra7 28. Na5 hxg2 29. Rc8 Nfd7 30. Bc4 g6 31. Rd6 Kg7 32. Bd5 Rxb7 33. Bxb7 Rxc8 34. Bxc8 Nf6 35. Bxa6 e4 36. Be2 Kf8 37. Kxg2 Ke7 38. Rd4 exf3+ 39. Bxf3 Nbd7 40. Nc6+ Kf8 41. Rd2 Nc5 42. a3 g5 43. Rc2 Ne6 44. a4 g4 45. Be2 Nf4+ 46. Kf1 N4d5 47. Ra2 Ne3+ 48. Kf2 Ned5 49. a5 Ne4+ 50. Ke1 Nec3 51. Ra1 Nxe2 52. Kxe2 f5 53. a6 Nc7 54. a7 Kf7 55. a8=Q Nxa8 56. Rxa8 Kf6 57. Ke3 Kg5 58. Ra4 g3 59. hxg3 Kh5 60. Kf2 Kg5 61. Nd4 Kg4 62. Nxf5+ Kxf5 63. Kf3 Kg5 64. Rf4 Kg6 65. Kg2 Kg5 66. Kh3 Kh5 67. Re4 Kg5 68. g4 Kh6 69. Re5 Kg6 70. Kg2 Kh6 71. Rf5 Kg6 72. Rh5 Kg7 73. Kg3 Kg6 74. Kf4 Kg7 75. Rh1 Kg6 76. Rc1 Kh6 77. Rc6+ Kg7 78. Kf5 Kh7 79. g5 Kg7 80. g6 Kh6 81. Rc1 Kg7 82. Rg1 Kg8 83. g7 Kf7 84. g8=Q+ Ke7 85. Re1+ Kd6 86. Qg1 Kd7 87. Rf1 Kd6 88. Rf2 Kd5 89. Qf1 Kd4 90. Rd2+ Ke3 91. Qe1+ Kf3 92. Rf2+ Kg3 93. Qe3+ Kh4 94. Rh2# 1-0


[Site "https://www.chess.com"]

[Event "Titled Tuesday Blitz November 01 Early 2022"]
[White "Balkum, Alexander"]
[Black "Chan, Kim Yew"]
[WhiteFideId "2005069"]
[BlackFideId "5717981"]
[WhiteElo "2343"]
[BlackElo "2206"]
[Result "0-1"]
[Round "09"]
[TimeControl "180+1"]
[Date "2022.11.02"]
[WhiteClock "0:00:03"]
[BlackClock "0:00:04"]

1. e4 e5 2. Nf3 Nf6 3. Nxe5 d6 4. Nf3 Nxe4 5. Nc3 Nxc3 6. dxc3 Be7 7. Be3 Nc6 8. Qd2 Bf5 9. Nd4 Nxd4 10. cxd4 d5 11. O-O-O Qd7 12. Qa5 O-O 13. Bd3 c6 14. Rhe1 Rfe8 15. Bxf5 Qxf5 16. Qc7 Qc8 17. Qg3 Qd7 18. Rd2 Bb4 19. c3 Bd6 20. Qf3 Re4 21. Rde2 Rae8 22. Bd2 f5 23. h3 g6 24. Qd3 Qe6 25. Kd1 Kf7 26. f3 Rxe2 27. Rxe2 Qxe2+ 28. Qxe2 Rxe2 29. Kxe2 Ke6 30. Bg5 f4 31. Kd3 Kf5 32. Bd8 g5 33. b3 h5 34. c4 Bb4 35. a4 a6 36. Bc7 Bf8 37. Bd8 Bd6 38. Kc2 g4 39. hxg4+ hxg4 40. Kd3 Bf8 41. Kc2 Bh6 42. Kd3 Bg5 43. Bc7 Bh4 44. Ke2 Be7 45. Kd3 Kg5 46. Ke2 Bf6 47. Kd3 Bg7 48. Bd6 Bh6 49. Bc7 Kh4 50. Ke2 Kg3 51. fxg4 Kxg2 52. Ke1 f3 53. cxd5 f2+ 54. Ke2 cxd5 55. Kd3 f1=Q+ 56. Kc2 Qe2+ 0-1


[Site "https://www.chess.com"]

[Event "Titled Tuesday Blitz November 01 Early 2022"]
[White "Belozerov, Andrei"]
[Black "Zhigalko, Sergei"]
[WhiteFideId "4120213"]
[BlackFideId "13502956"]
[WhiteElo "2360"]
[BlackElo "2662"]
[Result "0-1"]
[Round "09"]
[TimeControl "180+1"]
[Date "2022.11.01"]
[WhiteClock "0:00:56"]
[BlackClock "0:00:34"]

1. e4 c5 2. Nf3 Nc6 3. d4 cxd4 4. Nxd4 Nf6 5. Nc3 e5 6. Ndb5 d6 7. Bg5 a6 8. Na3 b5 9. Nd5 Be7 10. Bxf6 Bxf6 11. c4 b4 12. Nc2 O-O 13. Ncxb4 Nxb4 14. Nxb4 Qb6 15. Nd5 Qxb2 16. Be2 Bd8 17. O-O Be6 18. Qd3 Bxd5 19. cxd5 Bb6 20. Rab1 Qd4 21. Qxd4 Bxd4 22. Rfc1 f5 23. exf5 Rxf5 24. Bf3 e4 25. Bxe4 Rxf2 26. Kh1 Rxa2 27. Bf5 a5 28. Be6+ Kh8 29. Rc7 a4 30. h4 a3 31. Rb4 Be5 32. g4 Rh2+ 33. Kg1 a2 0-1


[Site "https://www.chess.com"]

[Event "Titled Tuesday Blitz November 01 Early 2022"]
[White "Bilan, Danila"]
[Black "Gu, Xiaobing"]
[WhiteFideId "24161918"]
[BlackFideId "8602611"]
[WhiteElo "2203"]
[BlackElo "2174"]
[Result "0-1"]
[Round "09"]
[TimeControl "180+1"]
[Date "2022.11.02"]
[WhiteClock "0:00:07"]
[BlackClock "0:01:00"]

1. d4 Nf6 2. Nf3 g6 3. Bg5 Bg7 4. c3 O-O 5. Nbd2 d6 6. e4 Nbd7 7. Qc2 e5 8. dxe5 dxe5 9. Bc4 c6 10. O-O Qc7 11. a4 Nc5 12. h3 Be6 13. b4 Bxc4 14. Nxc4 Ncxe4 15. Bxf6 Nxf6 16. Ncxe5 Rfe8 17. Nc4 Nd5 18. Nd4 Nxb4 19. cxb4 Bxd4 20. Rad1 Rad8 21. Rd3 b6 22. Rfd1 c5 23. Na3 Qf4 24. Nb5 Re4 25. Nxa7 Rde8 26. Rf1 Re2 27. Qb3 Rxf2 28. Rxf2 Qxf2+ 29. Kh2 Be5+ 0-1


[Site "https://www.chess.com"]

[Event "Titled Tuesday Blitz November 01 Early 2022"]
[White "Bortnyk, Olexandr"]
[Black "Nakamura, Hikaru"]
[WhiteFideId "14120828"]
[BlackFideId "2016192"]
[WhiteElo "2723"]
[BlackElo "2909"]
[Result "0-1"]
[Round "09"]
[TimeControl "180+1"]
[Date "2022.11.01"]
[WhiteClock "0:00:03"]
[BlackClock "0:00:14"]

1. e4 e5 2. Nf3 Nc6 3. Bb5 Nf6 4. Qe2 Bc5 5. c3 O-O 6. Bxc6 bxc6 7. d4 exd4 8. cxd4 Bb4+ 9. Bd2 a5 10. Nc3 Ba6 11. Qe3 Re8 12. e5 d6 13. O-O-O Ng4 14. Qe1 dxe5 15. dxe5 Qe7 16. h3 Nxe5 17. Qxe5 Qxe5 18. Nxe5 Rxe5 19. Be3 Re7 20. a3 Bd6 21. Rd2 f5 22. Rdd1 Rae8 23. Bg5 Re6 24. Be3 Bc4 25. h4 Bb3 26. Rde1 Bc5 27. Kd2 Be7 28. g3 Bd6 29. Bg5 Be5 30. Re3 h6 31. Bf4 Bxf4 32. gxf4 Rd8+ 33. Ke2 Red6 34. Kf3 Rd2 35. Rg1 Kf8 36. Re5 Rxb2 37. Rxf5+ Kg8 38. Kg2 Rc2 39. Nb1 Rd3 40. Re1 Bd5+ 41. Kg1 Rh3 42. Rxd5 cxd5 43. Kg2 Rd3 44. a4 Kf7 45. f5 Kf6 46. h5 Kxf5 47. Re7 Rb3 48. Rf7+ Ke6 49. Rxg7 Rxb1 50. Rg6+ Kf5 51. Rxh6 Rb6 0-1


[Site "https://www.chess.com"]

[Event "Titled Tuesday Blitz November 01 Early 2022"]
[White "Bryakin, Mikhail"]
[Black "Jia, Haoxiang"]
[WhiteFideId "4165314"]
[BlackFideId "8602999"]
[WhiteElo "2367"]
[BlackElo "2652"]
[Result "1-0"]
[Round "09"]
[TimeControl "180+1"]
[Date "2022.11.01"]
[WhiteClock "0:00:26"]
[BlackClock "0:01:28"]

1. c4 Nf6 2. Nf3 g6 3. b3 Bg7 4. Bb2 O-O 5. g3 d6 6. Bg2 e5 7. O-O Nc6 8. d3 Re8 9. Nbd2 Bf5 10. h3 e4 11. dxe4 Bxe4 12. Nxe4 Nxe4 13. Bxg7 Kxg7 14. Nd4 Qf6 15. Nxc6 bxc6 16. Qd3 d5 17. cxd5 cxd5 18. Rac1 c6 19. Rc2 Re6 20. e3 Ng5 21. Qc3 Qxc3 22. Rxc3 a5 23. Rfc1 Ra6 24. h4 Ne4 25. Bxe4 Rxe4 26. Rxc6 Rxc6 27. Rxc6 a4 28. Rc1 axb3 29. axb3 Rb4 30. Rb1 Kf6 31. Kf1 Ke5 32. Ke2 d4 33. exd4+ Kxd4 34. Rd1+ Ke5 35. Rd3 h5 36. Kd2 Ke4 37. Re3+ Kd5 38. Kc3 Rb7 39. b4 Rc7+ 40. Kb3 Rc1 41. Re2 Kc6 42. Rc2+ Rxc2 43. Kxc2 Kb5 44. Kb3 f6 45. Kc3 g5 46. f4 gxh4 47. gxh4 f5 48. Kb3 Kb6 49. Kc4 Kc6 50. Kd4 Kb5 51. Ke5 Kxb4 52. Kxf5 Kc5 53. Kg6 Kd6 54. f5 Ke7 55. Kg7 Ke8 56. f6 Kd7 57. f7 Ke6 58. f8=Q Ke5 59. Kg6 Ke4 60. Kxh5 Ke5 61. Kg4 Ke6 62. h5 Kd5 63. h6 Ke4 64. h7 Ke5 65. h8=Q+ Kd5 66. Qe7 Kc4 67. Qhd8 1-0


[Site "https://www.chess.com"]

[Event "Titled Tuesday Blitz November 01 Early 2022"]
[White "Caruana, Fabiano"]
[Black "Sarana, Alexey"]
[WhiteFideId "2020009"]
[BlackFideId "24133795"]
[WhiteElo "2847"]
[BlackElo "2689"]
[Result "1/2-1/2"]
[Round "09"]
[TimeControl "180+1"]
[Date "2022.11.01"]
[WhiteClock "0:00:12"]
[BlackClock "0:00:15"]

1. d4 d5 2. Bf4 Nf6 3. e3 c5 4. c3 Nc6 5. Nd2 e6 6. Ngf3 Nh5 7. Bg5 f6 8. Bh4 g6 9. Bb5 Be7 10. O-O O-O 11. Re1 Qb6 12. a4 a6 13. Bxc6 bxc6 14. Rb1 cxd4 15. exd4 c5 16. dxc5 Qxc5 17. Qc2 e5 18. b4 Qc7 19. Rbc1 Be6 20. Nb3 Rac8 21. Qd2 Rcd8 22. Qe2 Bg4 23. Qxa6 Ra8 24. Qb5 Nf4 25. Bg3 Bd7 26. Qf1 Bxa4 27. Na5 Nh5 28. Qd3 Qd7 29. Qd2 Rfd8 30. Ra1 Bf8 31. Bxe5 fxe5 32. Nxe5 Qe8 33. h3 Bb5 34. Rad1 Rd6 35. Qd4 Bg7 36. c4 Ba4 37. Ra1 Re6 38. f4 Nxf4 39. Qxf4 Rxe5 40. Rf1 Re4 41. Qd2 Bxa1 42. Qxd5+ Kh8 43. Rxa1 Rd8 44. Qg5 Bc2 45. Nb7 Rd7 46. Nc5 Rf7 47. Nxe4 Bxe4 48. Qe3 Qe5 49. Re1 Re7 50. b5 Qb2 51. Qf2 Qg7 52. b6 Kg8 53. Qe3 Kf8 54. Qc5 Kg8 55. b7 Rxb7 56. Rxe4 Qf7 57. Qd5 Qxd5 58. cxd5 Rd7 59. Rd4 Kf7 60. Kf2 Kf6 61. Ke3 Ke5 62. Re4+ Kxd5 63. Rd4+ Ke6 64. Rxd7 Kxd7 65. Kf4 Ke6 66. Kg5 Kf7 67. Kh6 Kg8 68. h4 Kh8 69. g4 Kg8 70. Kg5 Kg7 71. h5 h6+ 72. Kf4 Kf6 73. hxg6 Kxg6 74. Kg3 Kg5 75. Kh3 h5 76. gxh5 Kxh5 1/2-1/2


[Site "https://www.chess.com"]

[Event "Titled Tuesday Blitz November 01 Early 2022"]
[White "Chernov, Mikhail"]
[Black "Blokhin, Sofia"]
[WhiteFideId "24143170"]
[BlackFideId "4508190"]
[WhiteElo "2113"]
[BlackElo "2005"]
[Result "1-0"]
[Round "09"]
[TimeControl "180+1"]
[Date "2022.11.02"]
[WhiteClock "0:00:53"]
[BlackClock "0:00:06"]

1. e4 c5 2. Nf3 e6 3. d4 cxd4 4. Nxd4 a6 5. Be2 Nf6 6. Nc3 Bb4 7. O-O Bxc3 8. bxc3 Nxe4 9. Bd3 Nf6 10. Re1 O-O 11. Bg5 Nc6 12. Qf3 d5 13. Qh3 h6 14. Bxh6 gxh6 15. Qxh6 e5 16. Re3 e4 17. Rg3+ Ng4 18. Be2 Ne5 19. h3 f5 20. hxg4 fxg4 21. Ne6 Bxe6 22. Qxe6+ Nf7 23. Rxg4+ Kh8 24. Qg6 Rg8 25. Qh5+ 1-0


[Site "https://www.chess.com"]

[Event "Titled Tuesday Blitz November 01 Early 2022"]
[White "Chigaev, Maksim"]
[Black "Krysa, Leandro"]
[WhiteFideId "4108116"]
[BlackFideId "116807"]
[WhiteElo "2537"]
[BlackElo "2486"]
[Result "1-0"]
[Round "09"]
[TimeControl "180+1"]
[Date "2022.11.01"]
[WhiteClock "0:00:04"]
[BlackClock "0:00:04"]

1. Nf3 g6 2. e4 Bg7 3. d4 d6 4. Be2 Nf6 5. Nc3 a6 6. a4 O-O 7. O-O e6 8. h3 b6 9. e5 dxe5 10. Nxe5 Bb7 11. Bf3 Qc8 12. Qe2 Nfd7 13. Bxb7 Qxb7 14. Bf4 c5 15. dxc5 Nxe5 16. Bxe5 Bxe5 17. Qxe5 Nd7 18. Qg5 Nxc5 19. a5 Rac8 20. axb6 Qxb6 21. b3 Nd7 22. Na4 Qb5 23. Qd2 Nc5 24. Rfd1 h5 25. Nc3 Qb4 26. Qe3 Nxb3 27. Na2 Nxa1 28. Nxb4 Nxc2 29. Nxc2 Rxc2 30. Ra1 Rc6 31. g3 Rd8 32. Kg2 Rd5 33. Ra2 a5 34. Qb3 Rc8 35. Qb6 Rcd8 36. Rxa5 Kg7 37. Qb2+ Kg8 38. Rxd5 Rxd5 39. g4 hxg4 40. hxg4 Kf8 41. Qf6 Kg8 42. Kf3 Rb5 43. Kg3 Rd5 44. f4 Rb5 45. Kf2 Rd5 46. Ke3 Rb5 47. Ke4 Rd5 48. Qe7 Kg7 49. Qb7 Kg8 50. Qxd5 exd5+ 51. Kxd5 Kf8 52. Kd6 Ke8 53. f5 f6 54. Ke6 gxf5 55. gxf5 1-0


[Site "https://www.chess.com"]

[Event "Titled Tuesday Blitz November 01 Early 2022"]
[White "Cramling Bellon, Anna"]
[Black "Smietanska, Wiktoria"]
[WhiteFideId "32009232"]
[BlackFideId "21869359"]
[WhiteElo "1972"]
[BlackElo "1854"]
[Result "1-0"]
[Round "09"]
[TimeControl "180+1"]
[Date "2022.11.02"]
[WhiteClock "0:00:21"]
[BlackClock "0:00:26"]

1. d4 Nf6 2. c4 g6 3. Nc3 Bg7 4. e4 d6 5. h3 O-O 6. Bg5 h6 7. Be3 e5 8. d5 Nh5 9. g3 Qe8 10. Be2 f6 11. Bxh5 gxh5 12. g4 hxg4 13. hxg4 Qg6 14. f3 Kf7 15. Nge2 Rh8 16. Qd2 Nd7 17. Nb5 b6 18. Nxc7 Rb8 19. Ng3 Nc5 20. Nb5 Ke7 21. Nxa7 Bd7 22. Nf5+ Kd8 23. Nxd6 Bf8 24. Nf5 Ra8 25. Nc6+ Kc7 26. Nce7 Qf7 27. d6+ Kd8 28. Bxc5 bxc5 29. Qd5 Qxd5 30. cxd5 1-0


[Site "https://www.chess.com"]

[Event "Titled Tuesday Blitz November 01 Early 2022"]
[White "Csonka, Balazs"]
[Black "Laohawirapap, Prin"]
[WhiteFideId "742910"]
[BlackFideId "6205003"]
[WhiteElo "2404"]
[BlackElo "2113"]
[Result "0-1"]
[Round "09"]
[TimeControl "180+1"]
[Date "2022.11.02"]
[WhiteClock "0:00:04"]
[BlackClock "0:01:27"]

1. e4 e6 2. d4 d5 3. Nd2 Nf6 4. e5 Nfd7 5. Ne2 c5 6. c3 Nc6 7. Nf3 Be7 8. a3 a5 9. Nf4 b5 10. Bxb5 Qb6 11. a4 Ba6 12. c4 dxc4 13. d5 Bxb5 14. axb5 Ncxe5 15. dxe6 fxe6 16. Nxe5 Nxe5 17. Qh5+ Nf7 18. O-O O-O 19. Re1 Bf6 20. Rxe6 Rae8 21. Be3 Rxe6 22. Bxc5 Rfe8 23. Nxe6 Qxe6 24. Be3 Bxb2 25. Rxa5 Bd4 26. Ra1 Bxa1 0-1


[Site "https://www.chess.com"]

[Event "Titled Tuesday Blitz November 01 Early 2022"]
[White "Deac, Bogdan-Daniel"]
[Black "Ohanyan, Emin"]
[WhiteFideId "1226380"]
[BlackFideId "13312022"]
[WhiteElo "2648"]
[BlackElo "2302"]
[Result "1-0"]
[Round "09"]
[TimeControl "180+1"]
[Date "2022.11.01"]
[WhiteClock "0:00:02"]
[BlackClock "0:00:01"]

1. d4 d5 2. Nf3 Nf6 3. e3 e6 4. c4 c5 5. cxd5 exd5 6. Be2 Nc6 7. O-O Be7 8. b3 Ne4 9. Bb2 Bf6 10. Na3 O-O 11. Nc2 Bf5 12. Ne5 Rc8 13. Bd3 Re8 14. Nxc6 Rxc6 15. Bb5 Qa5 16. Bxc6 bxc6 17. Qc1 c4 18. Ba3 Qc3 19. Nb4 Be7 20. Nxc6 Bxa3 21. Qxa3 cxb3 22. Ne7+ Kh8 23. axb3 Be6 24. Rac1 Qd3 25. Nc6 Qe2 26. Ne5 Qh5 27. Qxa7 Ng5 28. f4 Ne4 29. f5 Qg5 30. Rce1 1-0


[Site "https://www.chess.com"]

[Event "Titled Tuesday Blitz November 01 Early 2022"]
[White "Dehtiarov, Roman"]
[Black "Brown, Andrew"]
[WhiteFideId "14186640"]
[BlackFideId "3206513"]
[WhiteElo "2200"]
[BlackElo "2245"]
[Result "1-0"]
[Round "09"]
[TimeControl "180+1"]
[Date "2022.11.02"]
[WhiteClock "0:00:07"]
[BlackClock "0:00:01"]

1. e4 g6 2. d4 Bg7 3. Nc3 c6 4. f4 d5 5. e5 h5 6. Nf3 Nh6 7. Be3 Bg4 8. Be2 Nf5 9. Bf2 Nd7 10. Qd2 Nf8 11. h3 Bxf3 12. Bxf3 h4 13. O-O-O Ne6 14. Kb1 Qa5 15. a3 Bh6 16. Be3 Nxe3 17. Qxe3 Bxf4 18. Qe2 Qb6 19. Na4 Qc7 20. c4 dxc4 21. Qxc4 O-O 22. Nc3 Rad8 23. Bg4 Nxd4 24. Rxd4 Bxe5 25. Rxd8 Rxd8 26. Rf1 Bf6 27. Ne4 Qe5 28. Nxf6+ exf6 29. Qc2 f5 30. Bf3 Kg7 31. Rd1 Rxd1+ 32. Qxd1 g5 33. Qd2 Qe7 34. Ka1 Kg6 35. Qd3 a5 36. Kb1 Qe1+ 37. Kc2 Qe6 38. Qe2 Kf6 39. Qd2 Qe5 40. Qd8+ Kg6 41. Qg8+ Kf6 42. Qh8+ Ke6 43. Qxe5+ Kxe5 44. Kd3 Kf4 45. Bh5 1-0


[Site "https://www.chess.com"]

[Event "Titled Tuesday Blitz November 01 Early 2022"]
[White "Devaev, Alexander"]
[Black "Barria Zuniga, Daniel"]
[WhiteFideId "4169395"]
[BlackFideId "3400816"]
[WhiteElo "2225"]
[BlackElo "2414"]
[Result "0-1"]
[Round "09"]
[TimeControl "180+1"]
[Date "2022.11.02"]
[WhiteClock "0:00:01"]
[BlackClock "0:00:36"]

1. d4 d5 2. Nf3 e6 3. c4 Nf6 4. Nc3 dxc4 5. e3 a6 6. Bxc4 b5 7. Bd3 Bb7 8. O-O Nbd7 9. e4 c5 10. d5 c4 11. Bc2 Qc7 12. dxe6 fxe6 13. e5 Nxe5 14. Nxe5 Qxe5 15. Re1 Qd6 16. Qxd6 Bxd6 17. Rxe6+ Kd7 18. Bf5 Kc7 19. Bg5 Rad8 20. Rd1 b4 21. Rexd6 Rxd6 22. Bf4 Rd8 23. Ne2 Be4 24. Bxe4 Nxe4 25. Rc1 Kb6 26. Bxd6 Rxd6 27. f3 Nd2 28. Kf2 Kc5 29. g4 a5 30. Ke3 Rd3+ 31. Kf2 Rxf3+ 32. Kg2 Rd3 33. Nf4 Rd6 34. Kf2 a4 35. Ke3 c3 36. bxc3 b3 0-1


[Site "https://www.chess.com"]

[Event "Titled Tuesday Blitz November 01 Early 2022"]
[White "Dubov, Daniil"]
[Black "Xiong, Jeffery"]
[WhiteFideId "24126055"]
[BlackFideId "2047640"]
[WhiteElo "2791"]
[BlackElo "2725"]
[Result "1-0"]
[Round "09"]
[TimeControl "180+1"]
[Date "2022.11.01"]
[WhiteClock "0:00:16"]
[BlackClock "0:00:24"]

1. e4 c5 2. Nf3 d6 3. c3 Nf6 4. g3 Nbd7 5. Qe2 Qc7 6. Bg2 b6 7. O-O Bb7 8. d3 g6 9. Ng5 Bg7 10. f4 O-O 11. Be3 e6 12. Nd2 b5 13. g4 Rfe8 14. Rae1 a5 15. f5 exf5 16. gxf5 d5 17. Bf4 Qb6 18. e5 Nh5 19. e6 fxe6 20. fxe6 Nxf4 21. Rxf4 Nf6 22. Ref1 Qd8 23. Nb3 Nh5 24. Rg4 Rc8 25. Rf7 Ba8 26. Qf2 Nf6 27. Rf4 Nh5 28. Rg4 Nf6 29. Qh4 h5 30. Rf4 a4 31. Nd2 a3 32. bxa3 Rc6 33. Bh3 Ra6 34. Qf2 d4 35. R4xf6 1-0


[Site "https://www.chess.com"]

[Event "Titled Tuesday Blitz November 01 Early 2022"]
[White "Estrada Nieto, Julian"]
[Black "Deev, Andrei"]
[WhiteFideId "5101018"]
[BlackFideId "4102690"]
[WhiteElo "2252"]
[BlackElo "2280"]
[Result "1-0"]
[Round "09"]
[TimeControl "180+1"]
[Date "2022.11.02"]
[WhiteClock "0:00:20"]
[BlackClock "0:00:06"]

1. e4 d6 2. d4 Nf6 3. Nc3 c6 4. Nf3 Bg4 5. a4 e6 6. h3 Bh5 7. Be2 d5 8. exd5 Nxd5 9. O-O Bxf3 10. Bxf3 Be7 11. Ne4 O-O 12. Re1 Nd7 13. c3 N7f6 14. Nxf6+ Bxf6 15. Qe2 Qd7 16. a5 Rac8 17. Bd2 a6 18. Red1 Rfd8 19. Be4 g6 20. Qf3 Bg7 21. Bg5 Re8 22. c4 Ne7 23. Bf6 Nf5 24. Bxg7 Kxg7 25. Qc3 Nd6 26. d5+ Kg8 27. dxc6 bxc6 28. Qd4 Red8 29. c5 Nxe4 30. Qxd7 Rxd7 31. Rxd7 Nxc5 32. Ra7 Rb8 33. Rc1 Rb5 34. b4 Nd3 35. Rxc6 Nxb4 36. Rb6 Rxa5 37. Rxb4 Ra1+ 38. Kh2 Ra2 39. f3 Kg7 40. Rbb7 Kf6 41. Rxf7+ Ke5 42. Rxh7 a5 43. Ra6 1-0


[Site "https://www.chess.com"]

[Event "Titled Tuesday Blitz November 01 Early 2022"]
[White "Fathy, Elameir"]
[Black "Brueckner, Thomas"]
[WhiteFideId "10600396"]
[BlackFideId "4600452"]
[WhiteElo "2311"]
[BlackElo "2332"]
[Result "1-0"]
[Round "09"]
[TimeControl "180+1"]
[Date "2022.11.02"]
[WhiteClock "0:01:29"]
[BlackClock "0:01:15"]

1. d4 Nf6 2. c4 g6 3. Nc3 Bg7 4. e4 d6 5. Nf3 O-O 6. Be2 Nbd7 7. Be3 e5 8. d5 Ng4 9. Bg5 f6 10. Bh4 Nh6 11. Nd2 g5 12. Bg3 f5 13. f3 Nf6 14. Bf2 c5 15. Qc2 g4 16. O-O-O a6 17. h3 g3 18. Bxg3 b5 19. Bh4 b4 20. Ncb1 f4 21. g4 fxg3 22. Rdg1 Nh5 23. Bxd8 1-0


[Site "https://www.chess.com"]

[Event "Titled Tuesday Blitz November 01 Early 2022"]
[White "Fernandez De La Vara, Arnaldo"]
[Black "Odegov, Artem"]
[WhiteFideId "3518388"]
[BlackFideId "34183644"]
[WhiteElo "2387"]
[BlackElo "2298"]
[Result "1-0"]
[Round "09"]
[TimeControl "180+1"]
[Date "2022.11.02"]
[WhiteClock "0:00:22"]
[BlackClock "0:00:10"]

1. Nf3 d5 2. c4 e6 3. g3 Nf6 4. Bg2 dxc4 5. Qa4+ Nbd7 6. O-O Be7 7. Nc3 O-O 8. Qxc4 a6 9. d4 b5 10. Qd3 Bb7 11. Rd1 c5 12. Bg5 cxd4 13. Nxd4 Bxg2 14. Kxg2 h6 15. Nc6 Qe8 16. Bf4 Nc5 17. Qf3 Nb7 18. Rd2 Bc5 19. Rad1 Rc8 20. Ne5 Na5 21. Bxh6 b4 22. Ne4 Be7 23. Nxf6+ Bxf6 24. Nd7 Qe7 25. Nxf6+ Qxf6 26. Qxf6 gxf6 27. Bxf8 Rxf8 28. Rd8 Nc4 29. Rxf8+ Kxf8 30. b3 Ne5 31. Rd8+ Ke7 32. Ra8 Nc6 33. Rxa6 Nd4 34. e3 Ne2 35. Ra4 Nc3 36. Rxb4 Nxa2 37. Rc4 Kd6 38. e4 f5 39. f3 fxe4 40. fxe4 f5 41. Kf3 fxe4+ 42. Kxe4 e5 43. h4 Kd7 44. h5 Ke7 45. Kxe5 Kf7 46. Kf5 Kg7 47. Kg5 Kh7 48. h6 Kh8 49. Kg6 Nb4 50. Rc8# 1-0


[Site "https://www.chess.com"]

[Event "Titled Tuesday Blitz November 01 Early 2022"]
[White "Fernandez Hernandez, Gerardo"]
[Black "Tomaszewski, Kacper"]
[WhiteFideId "2207400"]
[BlackFideId "1127373"]
[WhiteElo "2238"]
[BlackElo "2211"]
[Result "0-1"]
[Round "09"]
[TimeControl "180+1"]
[Date "2022.11.02"]
[WhiteClock "0:00:03"]
[BlackClock "0:00:14"]

1. e4 Nc6 2. Nf3 e5 3. Bc4 Be7 4. d4 exd4 5. Nxd4 d6 6. Nc3 Nf6 7. Bf4 Ne5 8. Be2 O-O 9. Qd2 c5 10. Nf3 Ng6 11. O-O-O Nxf4 12. Qxf4 Ng4 13. Rhf1 Ne5 14. Kb1 Nxf3 15. Bxf3 Be6 16. Nd5 Bg5 17. Qg3 Bh4 18. Qf4 Rb8 19. Bg4 Bg5 20. Qg3 b5 21. Bxe6 fxe6 22. Nc3 Bf4 23. Qg4 Qf6 24. g3 Be5 25. Rd3 c4 26. Re3 Bd4 27. Re2 Bxc3 28. bxc3 b4 29. Re3 bxc3+ 30. Ka1 Qd4 31. Qxe6+ Kh8 32. Qd5 Qxe3 0-1


[Site "https://www.chess.com"]

[Event "Titled Tuesday Blitz November 01 Early 2022"]
[White "Fernandez Siles, Luis"]
[Black "Jaskolka, Tomasz"]
[WhiteFideId "2209420"]
[BlackFideId "1170791"]
[WhiteElo "2186"]
[BlackElo "2126"]
[Result "0-1"]
[Round "09"]
[TimeControl "180+1"]
[Date "2022.11.02"]
[WhiteClock "0:00:11"]
[BlackClock "0:01:17"]

1. e4 c5 2. Nf3 e6 3. c3 Nf6 4. e5 Nd5 5. Bc4 Nc6 6. O-O d6 7. d4 cxd4 8. cxd4 Be7 9. Qe2 O-O 10. Bd2 b6 11. Nc3 Nxc3 12. Bxc3 Bb7 13. Rad1 Rc8 14. Bd3 dxe5 15. dxe5 Qc7 16. Qe4 g6 17. Qg4 Rfd8 18. Rfe1 Bf8 19. h4 Bg7 20. h5 Ne7 21. Ng5 Nf5 22. Qh3 Qe7 23. Nxh7 Kxh7 24. hxg6+ Kxg6 25. g4 Qg5 26. Bd2 Rh8 27. Bxg5 Rxh3 28. f4 Bf8 29. gxf5+ exf5 30. Bf1 Bc5+ 0-1


[Site "https://www.chess.com"]